 Dungeon Sprint DCSS version 0.31-a0-16-g6d2539766c (webtiles) character file.

Game seed: 11608952310750782523

4 sircluck the Trooper (level 1, 0/19 (20) HPs)
             Began as a Hill Orc Fighter on May 8, 2023.
             Slain by Crazy Yiuf
             ... wielding a +3 quarterstaff of chaos
              (2 damage)
             ... in the Dungeon (Sprint III: "The Ten Rune Challenge").
             The game lasted 00:00:03 (63 turns).

sircluck the Trooper (Hill Orc Fighter)               Turns: 63, Time: 00:00:05

HP:   0/19 (20)     AC:  7    Str: 18    XL:     1   Next: 60%
MP:   1/1           EV:  9    Int:  8    God:
Gold: 6             SH:  4    Dex: 10    Spells: 0/0 levels left

rFire   . . .        a - +0 war axe
rCold   . . .        c - +0 buckler
rNeg    . . .        b - +0 scale mail
rPois   .            (no helmet)
rElec   .            (no cloak)
rCorr   .            (no gloves)
SInv    .            (no boots)
Will    .....        (no amulet) Stlth
                     (no ring)
HPRegen 0.23/turn    (no ring)
MPRegen 0.07/turn

%: no teleportation
@: drained
A: no striking features
a: no special abilities


You were in the Dungeon.
You visited 1 branch You collected 6 gold pieces.

Inventory:

Hand Weapons
 a - a +0 war axe (weapon)
Armour
 b - a +0 scale mail (worn)
 c - a +0 buckler (worn)
Scrolls
 j - a scroll of blinking
Potions
 d - a potion of might
 e - a potion of curing
 f - a potion of heal wounds
 g - a potion of haste
 h - 2 potions of magic
 i - a potion of berserk rage


   Skills:
 + Level 4.2 Fighting
 + Level 3.0 Axes
 + Level 3.8 Armour
 + Level 3.7 Shields


You couldn't memorise any spells.
You didn't know any spells.
Your spell library was empty.

Dungeon Overview and Level Annotations

Branches:
Dungeon (1/1)

Altars:

Annotations:
D Crazy Yiuf


Message History

An endoplasm is nearby!
You slash the endoplasm!
You kill the endoplasm!
Your Fighting skill increases to level 4!
You now have 6 gold pieces.
Found a club.
A rat comes into view.
The rat closely misses you.
A rat is nearby!
You slash the rat!
You kill the rat!
A rat comes into view.
A rat is nearby!
You block the rat's attack.
A rat is nearby!
You barely miss the rat. The rat bites you.
A rat is nearby!
You slash the rat!
You kill the rat!
Your Axes skill increases to level 3!
You see here a rat corpse.
A human comes into view.
Crazy Yiuf the Enlightened comes into view.
He is wielding a +3 quarterstaff of chaos.
There are monsters nearby!
Crazy Yiuf hits you with a +3 quarterstaff of chaos.
You feel drained.
There are monsters nearby!
You hit Crazy Yiuf.
Crazy Yiuf is lightly wounded.
You closely miss the human. You block the human's attack.
You block Crazy Yiuf's attack. Crazy Yiuf closely misses you.
The human closely misses you.
You slash Crazy Yiuf!
Crazy Yiuf is almost dead.
You slash the human!
Crazy Yiuf hits you with a +3 quarterstaff of chaos!
Ouch! That really hurt!
* * * LOW HITPOINT WARNING * * *
Crazy Yiuf freezes you.
You die...

▓...#......##
▓..##.......# ..#
▓##.##.##...# ..#
##.##.###..# #..#
▓#.####.##..# ...+
▓.###..##.†## #...#
▓#.....##..###....#
###..##...##p....#
##..##....#.@g...#
#..###..##.#.....#
#..# #.. ####....#
▓▓▓▓ ▓▓▓ ▓▓▓▓▓


You could see a human and Crazy Yiuf.

Vanquished Creatures
  2 endoplasms (D)
  2 rats (D)
4 creatures vanquished.

Notes
Turn   | Place    | Note
-------+----------+-------------------------------------------
     0 | D        | sircluck the Hill Orc Fighter began the quest for the Orb.
     0 | D        | Reached XP level 1. HP: 19/19 MP: 1/1
    25 | D        | Reached skill level 4 in Fighting
    60 | D        | Noticed Crazy Yiuf
    63 | D        | Slain by Crazy Yiuf

Illustrated notes

Levels and vault maps discovered:
D:        dungeon_sprint_mu [sprint_mu_entry_cave, sprint_mu_temple_rooms,
          sprint_mu_d1_spiders, sprint_mu_d2_genie, sprint_mu_d3_branching,
          sprint_mu_orc_legion, sprint_mu_elf_gauntlet, sprint_mu_hive_nellie,
          sprint_mu_lair_fedhas, sprint_mu_vaults_butterflies,
          sprint_mu_slime_circle, sprint_mu_swamp_cave, sprint_mu_shoals_kraken,
          sprint_mu_blade_basic, sprint_mu_crypt_fortress,
          sprint_mu_tomb_spiral, sprint_mu_vestibule_basic,
          sprint_mu_gehenna_hellfire, sprint_mu_dis_giant,
          sprint_mu_tartarus_statrot, sprint_mu_cocytus_islands, sprint_mu_zot1]

Skill      XL: |  1 |
---------------+----+-----
Fighting       | 4 |  4.2
Axes           | 3 |  3.0
Armour         | |  3.8
Shields        | |  3.7

Action                     || total
---------------------------++-------
  Melee: War axe           ||     9
  Dodge: Dodged            ||     4
  Block: Buckler           ||     4

Table legend: (Time is in decaauts)
 A = Elapsed time spent in this place.
 B = Non-inter-level travel time spent in this place.
 C = Inter-level travel time spent in this place.
 D = Time resting spent in this place.
 E = Time spent auto-exploring this place.
 F = Levels seen in this place.
 G = Mean time per level.
                   A        B        C        D        E       F      G
               +--------+--------+--------+--------+--------+-----+--------+
         Total |     66 |     66 |      0 |      0 |     42 |   1 |   66.0 |
       Dungeon |     66 |     66 |      0 |      0 |     42 |   1 |   66.0 |
               +--------+--------+--------+--------+--------+-----+--------+

Top non-repeatable levels by time:
       D: 66 daAuts
